Description

Debut avec stargate,

1 Phoenix -> 2 oracles puis b3 push adepte suivi de transition zelotte charge HT

VOD

https://www.youtube.com/watch?v=afRHSmdg0Nk&list=PLLcGT9rdIQ7-931XCD17VslMJVTeSWrRC&index=2&t=893s

Build Order

Why is there no SALT encoding or Overwolf build?

  26  2:17  Stargate  Prod 1 phoenix puis 2 oracles
  44  3:23  Gateway  
  48  3:42  Gateway, Twilight Council  
  52  3:56  Assimilator x2  
  55  4:15  Robotics Bay  upgrade adepte
  62  4:43  Nexus  
  76  5:23  Forge  
    5:47  Charge  avec adeptes chez l'adversaire
    6:05  Gateway x3  upgrade attack
    6:23  Templar Archives, Gateway x2  
Spawning Tool Build Advisor. Get it on Overwolf

Go to:

Details

  • Created by: IceLegens
  • Published on: Apr 15, 2019
  • Modified on: Apr 15, 2019
  • Patch: 4.7.1
Show

Export as new Build Order

Comments (0)

There are no comments. Be the first!

Create an account to comment!